 Dungeon Crawl Stone Soup version 0.31.0-9-g3a7656b989 (webtiles) character file.

Game seed: 15153442702530855165

180851 Kass the Fighter (level 17, -1/110 (112) HPs)
             Began as a Gargoyle Fighter on Jan 31, 2024.
             Was the Champion of Jiyva.
             Killed from afar by a hellion (30 damage)
             ... with damnation
             ... summoned by a deep elf demonologist
             ... on level 3 of the Elven Halls on Feb 3, 2024.
             The game lasted 02:12:18 (21328 turns).

Kass the Fighter (Gargoyle Fighter)                Turns: 21328, Time: 02:12:19

HP:   -1/110 (112)  AC: 35    Str: 32    XL:     17   Next: 70%
MP:   8/8           EV: 16    Int: 15    God:    Jiyva [******]
Gold: 1656          SH: 15    Dex: 15    Spells: 16/16 levels left

rFire   + + +        Y - +8 hand axe (elec)
rCold   . . .        t - +2 kite shield
rNeg    + + .        q - +0 leather armour of Conscience {MP-9 Str+4 Dex+4 Slay+2}
rPois   ∞            w - +2 hat
rElec   +            F - scarf {shadows}
rCorr   +            b - +1 pair of gloves
SInv    .            y - +2 pair of boots {Stlth+}
Will    ++++.        H - amulet of the Four Winds {rN+ Will+++ Clar}
Stlth   ++++++       c - +4 ring of protection
HPRegen 1.98/turn    M - ring of Assamuj {Wiz rPois rF+ Int+6 Dex+2}
MPRegen 0.91/turn

%: clarity, wizardry (x1)
@: flying, studying 2 skills, lightly drained
A: sickness immunity, AC +12, big wings, negative energy resistance 1,
electricity resistance, torment resistance 1, petrification resistance,
iridescent scales 2, fire resistance 2, mutation resistance 2, shaggy fur 1,
jelly absorbing missiles, MP-powered wands, engulf
}: 1/15 runes: slimy
a: Renounce Religion, Oozemancy, Slimify


You were on level 3 of the Elven Halls.
You worshipped Jiyva.
Jiyva was exalted by your worship.
You visited 7 branches of the dungeon, and saw 30 of its levels.

You collected 2833 gold pieces.
You spent 1177 gold pieces at shops.

Inventory:

Hand Weapons
 n - the +6 longbow "Modibbux" {drain, rF+}
   (You found it on level 5 of the Pits of Slime)

   rF+:       It protects you from fire.
 L - a +1 demon whip of flaming
 W - a +1 antimagic battleaxe
 Y - a +8 hand axe of electrocution (weapon)
Missiles
 r - 6 boomerangs (quivered)
 x - 2 curare-tipped darts
 z - 2 throwing nets
 J - 6 javelins
 O - 3 atropa-tipped darts
Armour
 b - a +1 pair of gloves (worn)
 l - a +2 plate armour of fire resistance
 q - the +0 leather armour of Conscience (worn) {MP-9 Str+4 Dex+4 Slay+2}
   (You found it on level 4 of the Dungeon)

   Str+4:     It affects your strength (+4).
   Dex+4:     It affects your dexterity (+4).
   Slay+2:    It affects your accuracy & damage with ranged weapons and melee
   (+2).
   MP-9:      It affects your magic capacity (-9).
 t - a +2 kite shield (worn)
 w - a +2 hat (worn)
 y - a +2 pair of boots of stealth (worn)
 B - the +0 scale mail of Baajete {rElec rPois rC+ Dex+3}
   (You found it on level 1 of the Snake Pit)

   Dex+3:     It affects your dexterity (+3).
   rC+:       It protects you from cold.
   rElec:     It insulates you from electricity.
   rPois:     It protects you from poison
 F - a scarf of shadows (worn)
Jewellery
 c - a +4 ring of protection (left hand)
 i - a ring of protection from cold
 H - the amulet of the Four Winds (around neck) {rN+ Will+++ Clar}
   (You found it on level 5 of the Pits of Slime)

   [amulet of nothing]

   rN+:       It protects you from negative energy.
   Will+++:   It greatly increases your willpower.
   Clar:      It protects you from confusion, rage, mesmerisation and fear.
 M - the ring of Assamuj (right hand) {Wiz rPois rF+ Int+6 Dex+2}
   (You found it on level 5 of the Pits of Slime)

   [ring of wizardry]

   Wiz:       It improves your spell success rate.
   Int+6:     It affects your intelligence (+6).
   Dex+2:     It affects your dexterity (+2).
   rF+:       It protects you from fire.
   rPois:     It protects you from poison
 X - a ring of willpower
Wands
 g - a wand of digging (2)
 v - a wand of polymorph (14)
 E - a wand of paralysis (15)
 I - a wand of quicksilver (21)
 P - a wand of iceblast (3)
 R - a wand of mindburst (9)
 S - a wand of flame (16)
Scrolls
 f - 2 scrolls of noise
 j - 15 scrolls of teleportation
 p - 7 scrolls of amnesia
 s - a scroll of vulnerability
 A - 2 scrolls of butterflies
 C - a scroll of fear
 G - a scroll of poison
 Q - a scroll of immolation
 T - 2 scrolls of fog
 Z - 2 scrolls of blinking
Potions
 a - 2 potions of invisibility
 d - 2 potions of might
 e - 8 potions of ambrosia
 h - 12 potions of curing
 k - a potion of attraction
 m - 2 potions of cancellation
 o - 2 potions of mutation
 u - 3 potions of brilliance
 D - 2 potions of magic
 K - 2 potions of berserk rage
 N - 2 potions of resistance
 U - 2 potions of haste
 V - 4 potions of heal wounds


   Skills:
 + Level 14.4 Fighting
 - Level 9.1(11.0) Axes
 - Level 10.2(12.0) Maces & Flails
 - Level 2.6(6.3) Polearms
 + Level 11.4 Ranged Weapons
 + Level 14.3 Armour
 + Level 9.5 Dodging
 + Level 13.2 Stealth
 + Level 14.1 Shields
 + Level 8.6 Evocations


You had 16 spell levels left.
You didn't know any spells.
Your spell library contained the following spells:

 Spells                   Type           Power      Damage    Failure   Level
 Magic Dart               Conj           0%         1d3       16%         1
 Blink                    Tloc           0%         N/A       24%         2
 Call Imp                 Summ           0%         N/A       24%         2
 Lesser Beckoning         Tloc           0%         N/A       24%         2
 Searing Ray              Conj           0%         2d4       24%         2
 Gell's Gravitas          Tloc           0%         N/A       41%         3
 Inner Flame              Hex/Fire       0%         N/A       41%         3
 Summon Ice Beast         Ice/Summ       0%         N/A       41%         3
 Teleport Other           Tloc           0%         N/A       41%         3
 Fulminant Prism          Conj/Alch      0%         3d5       80%         4
 Irradiate                Conj/Alch      0%         3d11      98%         5
 Summon Forest            Summ/Tloc      0%         N/A       98%         5
 Summon Mana Viper        Hex/Summ       0%         N/A       98%         5
 Summon Cactus Giant      Summ           0%         N/A       100%        6
 Malign Gateway           Summ/Tloc      0%         N/A       100%        7
 Monstrous Menagerie      Summ           0%         N/A       100%        7
 Ignition                 Fire           0%         3d3       100%        8
 Summon Horrible Things   Summ           0%         N/A       100%        8


Dungeon Overview and Level Annotations

Branches:
Dungeon (13/15)            Temple (0/1) D:5            Lair (5/5) D:8
 Shoals (1/4) Lair:2        Snake (1/4) Lair:2        Slime (5/5) Lair:5
    Orc (2/2) D:10            Elf (3/3) Orc:2
 Vaults: D:13-14

Altars:
Cheibriados
Dithmenos
Hepliaklqana
Nemelex Xobeh
Okawaru
Qazlal
Vehumet
Jiyva

Shops:
D:11 (   D:12 :   Orc:2 *[!*   Elf:2 [   Elf:3 *

Annotations:
Lair:2 2 transporters, beef's ghost, journeyman DECj
Shoals:1 Kirke
Slime:5 Royal Jelly


Innate Abilities, Weirdness & Mutations

You are immune to sickness and miasma.
Your stone body is resilient. (AC +12)
You are immune to poison.
Your large and strong wings let you fly.
You resist negative energy. (rN+)
You are resistant to electric shocks. (rElec)
You are resistant to unholy torment.
You are immune to petrification.
You are mostly covered in iridescent scales. (AC +4)
Your flesh is very heat resistant. (rF++)
You are somewhat resistant to both further mutation and mutation removal.
You are covered in fur. (AC +1)
You have a small jelly attached to you that may absorb projectiles.
You expend magic power (3 MP) to strengthen your wands.
Your melee attacks may engulf your foes in ooze.


Message History

You hear a shout! x2
The deep elf sorcerer shouts!
You slash the deep elf annihilator!
Lightning courses through the deep elf annihilator!!
You kill the deep elf annihilator!
You slash the deep elf sorcerer!
The deep elf sorcerer mumbles some strange words.
The deep elf sorcerer seems to speed up.
The deep elf sorcerer hits you but does no damage.
A deep elf master archer comes into view.
A deep elf annihilator comes into view. It is wielding a +0 long sword.
You hear a shout!
You block the deep elf death mage's attack.
A deep elf sorcerer comes into view. It is wielding a +0 dagger.
The deep elf sorcerer gestures wildly while chanting.
The deep elf sorcerer seems to speed up.
The deep elf sorcerer shouts, "You are history!"
You slash the deep elf annihilator!
The deep elf annihilator is lightly wounded.
You slash the deep elf death mage!
Lightning courses through the deep elf death mage!!
You engulf the deep elf death mage in ooze!
The deep elf annihilator casts a spell at you.
The crystal spear hits you!!!!
Ouch! That really hurt!
* * * LOW HITPOINT WARNING * * *
You shudder from the blast and a flood of jellies pours out from you!
You hear a shout!
The deep elf death mage points at you and mumbles some strange words.
The bolt of negative energy hits you. You partially resist.
You feel drained.
* * * LOW HITPOINT WARNING * * *
The deep elf annihilator attacks as it pursues you!
You block the deep elf annihilator's attack.
Your rockslime hits the deep elf annihilator!
The deep elf annihilator holds its ground!
You swap places.
The deep elf sorcerer shouts, "You can't withstand my power!"
The hellion gestures at you.
The sphere of damnation explodes!
The damnation engulfs you!!
You die...

ee.### ##.e.. ......#..2...
...e......... ......)2.e...
#)e# #ee# #.e# #JJ# #.@# #..#
#############..################
#.##.#.........##.##.##........
#.##.#.####.##........####..###
#.......# #.#####.##........###
#.##.##.# #.#####.###....##....
#.##.##.# #.......# ####.######
#.##....# ######### #.# #


You could see a deep elf death mage, a deep elf annihilator (ally target), 2
deep elf sorcerers, a hellion (summoned) and 2 friendly rockslimes.

Vanquished Creatures
  Rupert (Orc:2)
  A deep elf blademaster (Elf:2)
  Asterion (Lair:2)
  Gastronok (D:8)
  4 deep elf death magi
  2 deep elf demonologists (Elf:3)
  2 dire elephants
  Nessos (Lair:3)
  2 deep elf annihilators
  10 hydras
  Harold (D:9)
  Erolcha (D:10)
  2 ogre magi (Orc:2)
  A centaur warrior (D:13)
  Erica (D:8)
  2 catoblepae
  A naga warrior (Snake:1)
  An anaconda (Snake:1)
  4 death yaks (Lair:2)
  3 boulder beetles
  2 tengu warriors (D:13)
  11 two-headed ogres
  A hell hog (Lair:5)
  23 dancing weapons
  Urug (Lair:1)
  A shock serpent (Snake:1)
  18 deep elf knights
  2 orc high priests (Elf:1)
  A naga sharpshooter (Snake:1)
  Amaemon (Lair:3)
  A skyshark (Lair:3)
  Lodul (D:10)
  3 sea snakes (Snake:1)
  A mana viper (Snake:1)
  An arcanist (D:13)
  A lindwurm (Lair:5)
  18 deep elf archers
  2 deep trolls (Orc:2)
  Pikel (D:7)
  31 deep elf zephyrmancers
  30 deep elf pyromancers
  An ugly thing (D:11)
  3 cyclopes
  2 manticores
  3 meliai (Lair:5)
  12 elephants
  2 salamanders (Snake:1)
  3 naga magi (Snake:1)
  An orange demon (Lair:3)
  8 black mambas
  A gargoyle (D:13)
  15 cane toads
  8 komodo dragons
  A kobold demonologist (D:13)
  2 torpor snails (Lair:5)
  An unseen horror (D:12)
  7 rime drakes
  Psyche (D:10)
  9 trolls
  10 polar bears
  9 blink frogs
  A queen bee (Lair:5)
  4 raiju (Lair:5)
  Grinder (D:3)
  A hornet (D:11)
  5 dream sheep (Lair:2)
  3 air elementals
  A shadow (D:10)
  3 wraiths
  2 fire elementals
  2 hogs (Shoals:1)
  23 yaks
  Grum (D:8)
  6 wargs
  4 water elementals
  7 wyverns
  A human (D:10)
  8 steam dragons
  3 basilisks
  8 vampire mosquitoes
  2 nagas (Snake:1)
  2 acid dragons
  13 hell hounds (Lair:5)
  12 water moccasins
  Duvessa (D:4)
  13 orc warriors
  A sky beast (D:7)
  9 black bears (Lair:5)
  2 ice beasts
  7 centaurs
  31 ogres
  29 wolves
  2 lemures (D:7)
  4 kobold brigands
  A gnoll sergeant (D:6)
  9 bullfrogs
  A scorpion (D:6)
  3 earth elementals
  5 wights
  Dowan (D:4)
  17 killer bees
  4 howler monkeys
  4 crimson imps (D:11)
  8 hounds
  A bombardier beetle (D:4)
  15 orc priests
  A sleepcap (D:4)
  Terence (D:2)
  5 iguanas
  21 orc wizards
  5 hell rats (Lair:5)
  9 adders
  5 gnolls
  4 shadow imps
  A white imp (D:11)
  3 dart slugs
  2 ribbon worms (D:2)
  43 orcs
  6 bats
  8 endoplasms
  4 giant cockroaches
  2 goblins
  6 hobgoblins
  5 quokkas
  5 ball pythons
  A frilled lizard (D:1)
  26 kobolds
  5 rats
741 creatures vanquished.

Vanquished Creatures (collateral kills)
  Roxanne (Snake:1)
  A dancing weapon (Elf:2)
  A deep elf knight (Elf:1)
  3 deep elf archers (Elf:1)
  A harpy (shapeshifter) (Elf:1)
  A wyvern (D:7)
  2 black bears (Lair:5)
10 creatures vanquished.

Vanquished Creatures (others)
  2 deep elf knights
  2 deep elf pyromancers (Elf:2)
  A deep elf zephyrmancer (Elf:2)
  2 dream sheep (Lair:2)
  2 slime creatures (D:13)
  A steam dragon (D:8)
  2 vampire mosquitoes (D:13)
  A water moccasin (Lair:2)
  2 centaurs
  A phantom (D:6)
  2 wights (D:8)
  3 crimson imps (D:11)
  4 hounds
  91 jellies
  A gnoll bouda (D:6)
  4 orc priests
  2 iguanas
  2 orc wizards
  2 adders
  A gnoll (D:6)
  5 orcs
  5 hobgoblins (D:6)
  A kobold (D:6)
139 creatures vanquished.

Grand Total: 890 creatures vanquished

Notes
Turn   | Place    | Note
-------+----------+-------------------------------------------
     0 | D:1      | Kass the Gargoyle Fighter began the quest for the Orb.
     0 | D:1      | Reached XP level 1. HP: 14/14 MP: 1/1
   331 | D:1      | Reached XP level 2. HP: 19/19 MP: 2/2
   424 | D:1      | Reached XP level 3. HP: 10/23 MP: 3/3
   842 | D:2      | Noticed Terence
   947 | D:2      | Killed Terence
   948 | D:2      | Reached XP level 4. HP: 20/29 MP: 4/4
  1746 | D:2      | Reached XP level 5. HP: 33/33 MP: 5/5
  1873 | D:3      | Noticed Grinder
  1874 | D:3      | Identified the +4 spear of Equivalence {freeze, +Blink
                  | Dex+3}
  1907 | D:3      | Killed Grinder
  1908 | D:3      | Reached XP level 6. HP: 19/39 MP: 6/6
  2050 | D:3      | Found a hazy altar of Hepliaklqana.
  2078 | D:3      | Found a sparkling altar of Nemelex Xobeh.
  2178 | D:3      | Found a faded altar of an unknown god.
  2466 | D:3      | Found an iron altar of Okawaru.
  2621 | D:3      | Prayed at the altar of an unknown god.
  2621 | D:3      | Became a worshipper of Jiyva Jamp the Shapeless
  2621 | D:3      | Reached * piety under Jiyva
  2780 | D:4      | Reached skill level 5 in Armour
  2780 | D:4      | Reached skill level 5 in Shields
  2828 | D:4      | Reached skill level 5 in Fighting
  2828 | D:4      | Reached XP level 7. HP: 39/44 MP: 7/7
  2838 | D:4      | Reached ** piety under Jiyva
  2897 | D:4      | Noticed Dowan
  2917 | D:4      | Noticed Duvessa
  2934 | D:4      | Killed Duvessa
  2940 | D:4      | Killed Dowan
  2959 | D:4      | Identified the +0 leather armour of Conscience {MP-9 Str+4
                  | Dex+4 Slay+2}
  3030 | D:4      | Found a radiant altar of Vehumet.
  3192 | D:5      | Entered Level 5 of the Dungeon
  3278 | D:5      | Reached XP level 8. HP: 41/51 MP: 0/8
  3523 | D:5      | Identified the +0 dagger of Fate {flame, Str+3}
  3560 | D:5      | Found a staircase to the Ecumenical Temple.
  3591 | D:5      | Reached *** piety under Jiyva
  3788 | D:5      | Gained mutation: Your translucent skin slightly reduces
                  | your foes' accuracy. (Stealth+) [Jiyva's grace]
  3788 | D:5      | Gained mutation: Your translucent skin reduces your foes'
                  | accuracy. (Stealth+) [Jiyva's grace]
  3788 | D:5      | Gained mutation: Your transparent skin significantly
                  | reduces your foes' accuracy. (Stealth+) [Jiyva's grace]
  3788 | D:5      | Gained mutation: You passively dampen the noise of your
                  | surroundings. [Jiyva's grace]
  4286 | D:6      | Reached skill level 5 in Axes
  4455 | D:6      | Reached **** piety under Jiyva
  4471 | D:6      | Found a shadowy altar of Dithmenos.
  4551 | D:6      | Reached XP level 9. HP: 56/56 MP: 0/9
  5328 | D:7      | Reached ***** piety under Jiyva
  5337 | D:7      | Reached skill level 1 in Stealth
  5464 | D:7      | Reached skill level 1 in Dodging
  5629 | D:7      | Lost mutation: Your transparent skin significantly reduces
                  | your foes' accuracy. (Stealth+) [Jiyva's grace]
  5629 | D:7      | Gained mutation: You have a pair of small horns on your
                  | head. [Jiyva's grace]
  5629 | D:7      | Gained mutation: You have a pair of horns on your head.
                  | [Jiyva's grace]
  5629 | D:7      | Gained mutation: You have a pair of large horns on your
                  | head. [Jiyva's grace]
  5629 | D:7      | Gained mutation: You have a small jelly attached to you
                  | that may absorb projectiles. [Jiyva's grace]
  5665 | D:7      | Found a snail-covered altar of Cheibriados.
  5761 | D:7      | Noticed Pikel
  5807 | D:7      | Killed Pikel
  5808 | D:7      | Reached XP level 10. HP: 64/64 MP: 1/10
  6205 | D:8      | Noticed Grum
  6228 | D:8      | Killed Grum
  6252 | D:8      | Noticed Erica
  6428 | D:9      | Found a stormy altar of Qazlal.
  6428 | D:9      | You fall into a shaft and drop 2 floors!
  6529 | D:11     | Noticed a white ugly thing
  6576 | D:10     | Entered Level 10 of the Dungeon
  6662 | D:9      | Noticed Harold
  6681 | D:9      | Killed Harold
  7180 | D:10     | Reached skill level 5 in Stealth
  7180 | D:10     | Noticed Lodul
  7205 | D:10     | Killed Lodul
  7206 | D:10     | Reached XP level 11. HP: 71/71 MP: 2/11
  7319 | D:10     | Noticed Psyche
  7324 | D:10     | Noticed a two-headed ogre
  7327 | D:10     | Killed Psyche
  7335 | D:10     | Killed a two-headed ogre
  7435 | D:10     | Found a staircase to the Orcish Mines.
  7667 | D:10     | Noticed Erolcha
  7684 | D:10     | Killed Erolcha
  7824 | D:11     | Lost mutation: You have a pair of large horns on your head.
                  | [Jiyva's grace]
  7824 | D:11     | Lost mutation: Your translucent skin reduces your foes'
                  | accuracy. (Stealth+) [Jiyva's grace]
  7824 | D:11     | Gained mutation: You have sharp fingernails. [Jiyva's
                  | grace]
  7824 | D:11     | Gained mutation: You have very sharp fingernails. [Jiyva's
                  | grace]
  7824 | D:11     | Gained mutation: You have claws for hands. [Jiyva's grace]
  7824 | D:11     | Gained mutation: You passively map a small area around you.
                  | [Jiyva's grace]
  7946 | D:11     | Killed a white ugly thing
  7990 | D:11     | Noticed a manticore
  8010 | D:11     | Killed a manticore
  8053 | D:11     | Found Cyjiss Paraa's Weapon Shoppe.
  8100 | D:11     | Reached ****** piety under Jiyva
  8858 | D:12     | Noticed a boulder beetle
  8893 | D:12     | Killed a boulder beetle
  8898 | D:12     | Found Fixt's Book Shop.
  8903 | D:12     | Noticed a two-headed ogre
  9092 | D:12     | Killed a two-headed ogre
  9093 | D:12     | Reached skill level 10 in Fighting
  9093 | D:12     | Reached skill level 10 in Armour
  9093 | D:12     | Reached skill level 5 in Dodging
  9093 | D:12     | Reached XP level 12. HP: 77/77 MP: 3/12
  9284 | D:12     | Lost mutation: You have claws for hands. [Jiyva's grace]
  9284 | D:12     | Lost mutation: You have very sharp fingernails. [Jiyva's
                  | grace]
  9284 | D:12     | Lost mutation: Your translucent skin slightly reduces your
                  | foes' accuracy. (Stealth+) [Jiyva's grace]
  9284 | D:12     | Lost mutation: You have a small jelly attached to you that
                  | may absorb projectiles. [Jiyva's grace]
  9284 | D:12     | Gained mutation: You are partially covered in iridescent
                  | scales. (AC +2) [Jiyva's grace]
  9284 | D:12     | Gained mutation: You are mostly covered in iridescent
                  | scales. (AC +4) [Jiyva's grace]
  9284 | D:12     | Gained mutation: You are completely covered in iridescent
                  | scales. (AC +6) [Jiyva's grace]
  9284 | D:12     | Gained mutation: Armour fits poorly on your pseudopods.
                  | [Jiyva's grace]
  9615 | D:12     | Reached skill level 10 in Shields
  9810 | D:13     | Noticed a boulder beetle
  9950 | D:13     | Killed a boulder beetle
  9951 | D:13     | Reached skill level 1 in Evocations
 10118 | D:13     | Noticed a centaur warrior
 10212 | D:13     | Killed a centaur warrior
 10250 | D:13     | Noticed a tengu warrior
 10252 | D:13     | Noticed a tengu warrior
 10278 | D:13     | Killed a tengu warrior
 10288 | D:13     | Killed a tengu warrior
 10420 | D:8      | Noticed a two-headed ogre
 10429 | D:8      | Killed a two-headed ogre
 10436 | D:8      | Noticed Gastronok
 10461 | D:8      | Killed Gastronok
 10613 | D:8      | Killed Erica
 10766 | D:8      | Found a staircase to the Lair.
 10873 | Lair:1   | Entered Level 1 of the Lair of Beasts
 10873 | Lair:1   | Noticed Urug
 10893 | Lair:1   | Killed Urug
 11053 | Lair:1   | Reached XP level 13. HP: 84/84 MP: 4/13
 11689 | Lair:2   | Found a staircase to the Snake Pit.
 11734 | Lair:2   | Found a staircase to the Shoals.
 11827 | Lair:2   | Found a transporter.
 11830 | Lair:2   | Found a transporter.
 11831 | Lair:2   | Noticed beef's ghost (journeyman DECj)
 11848 | Lair:2   | Lost mutation: You are completely covered in iridescent
                  | scales. (AC +6) [Jiyva's grace]
 11848 | Lair:2   | Gained mutation: You expend magic power (3 MP) to
                  | strengthen your wands. [Jiyva's grace]
 11848 | Lair:2   | Gained mutation: You are completely covered in iridescent
                  | scales. (AC +6) [Jiyva's grace]
 11848 | Lair:2   | Gained mutation: You have hidden genetic potential.
                  | [Jiyva's grace]
 11848 | Lair:2   | Gained mutation: You have great hidden genetic potential.
                  | [Jiyva's grace]
 12057 | Lair:2   | Reached skill level 1 in Polearms
 12649 | Lair:3   | Noticed Amaemon
 12691 | Lair:3   | Killed Amaemon
 12911 | Lair:3   | Reached skill level 1 in Maces & Flails
 12918 | Lair:3   | Noticed Nessos
 12931 | Lair:3   | Killed Nessos
 13106 | Lair:3   | Reached skill level 1 in Ranged Weapons
 13167 | Lair:3   | Gained mutation: Your large and strong wings let you fly.
                  | [Gargoyle growth]
 13167 | Lair:3   | Reached XP level 14. HP: 88/91 MP: 5/14
 13513 | Lair:3   | Reached skill level 5 in Evocations
 13542 | Lair:4   | Lost mutation: You have great hidden genetic potential.
                  | [Jiyva's grace]
 13542 | Lair:4   | Gained mutation: Armour fits poorly on your large
                  | pseudopods. [Jiyva's grace]
 13542 | Lair:4   | Gained mutation: Armour fits poorly on your massive
                  | pseudopods. [Jiyva's grace]
 13542 | Lair:4   | Gained mutation: Your melee attacks may engulf your foes in
                  | ooze. [Jiyva's grace]
 13542 | Lair:4   | Gained mutation: Your natural rate of healing is unusually
                  | fast. [Jiyva's grace]
 13694 | Lair:4   | Reached skill level 10 in Stealth
 14062 | Lair:5   | Entered Level 5 of the Lair of Beasts
 14170 | Lair:5   | Found a runed translucent door.
 14234 | Lair:5   | Found a viscous altar of Jiyva.
 14654 | Lair:5   | Reached skill level 5 in Maces & Flails
 14673 | Lair:5   | Found the +4 skin of Zhor {*Englaciate rC+++ SInv}
 14831 | Lair:5   | Reached skill level 5 in Ranged Weapons
 14967 | Lair:5   | Found a staircase to the Slime Pits.
 14976 | Slime:1  | Entered Level 1 of the Pits of Slime
 14976 | Slime:1  | Noticed a rockslime
 14985 | Slime:1  | Noticed a quicksilver ooze
 14986 | Slime:1  | Noticed an acid blob
 14994 | Slime:2  | Noticed an acid blob
 15004 | Slime:3  | Noticed an acid blob
 15006 | Slime:4  | Noticed a rockslime
 15006 | Slime:4  | Noticed an acid blob
 15006 | Slime:4  | Noticed an acid blob
 15014 | Slime:5  | Entered Level 5 of the Pits of Slime
 15028 | Slime:5  | Noticed the Royal Jelly
 15030 | Slime:5  | Noticed a rockslime
 15030 | Slime:5  | Noticed an acid blob
 15032 | Slime:5  | Noticed a rockslime
 15032 | Slime:5  | Noticed a rockslime
 15034 | Slime:5  | Noticed a rockslime
 15037 | Slime:5  | Identified the +6 longbow "Modibbux" {drain, rF+}
 15037 | Slime:5  | Noticed a quicksilver ooze
 15041 | Slime:5  | Found the amulet of the Four Winds {rN+ Will+++ Clar}
 15044 | Slime:5  | Noticed an acid blob
 15049 | Slime:5  | Got a slimy rune of Zot
 15050 | Slime:5  | Found a viscous altar of Jiyva.
 15050 | Slime:5  | Identified the +7 short sword of Honour {spect, rN+ Will+}
 15052 | Slime:5  | Identified the ring of Assamuj {Wiz rPois rF+ Int+6 Dex+2}
 15053 | Slime:5  | Got a starry gem with 525 turns to spare
 15060 | Slime:5  | Noticed an acid blob
 15062 | Slime:5  | Identified the +5 dagger of the Toadstool {speed, Int+3}
 15072 | Slime:5  | Noticed an acid blob
 15077 | Slime:5  | Noticed a quicksilver ooze
 15077 | Slime:5  | Noticed a quicksilver ooze
 15083 | Slime:5  | Noticed an acid blob
 15088 | Slime:5  | Identified the +4 dagger of the Fray {heavy, rC++}
 15131 | Slime:2  | Noticed an acid blob
 15412 | Lair:4   | Lost mutation: You have a pair of horns on your head.
                  | [Jiyva's grace]
 15412 | Lair:4   | Lost mutation: You have a pair of small horns on your head.
                  | [Jiyva's grace]
 15412 | Lair:4   | Lost mutation: You are completely covered in iridescent
                  | scales. (AC +6) [Jiyva's grace]
 15412 | Lair:4   | Lost mutation: You are mostly covered in iridescent scales.
                  | (AC +4) [Jiyva's grace]
 15412 | Lair:4   | Lost mutation: You passively map a small area around you.
                  | [Jiyva's grace]
 15412 | Lair:4   | Lost mutation: Armour fits poorly on your massive
                  | pseudopods. [Jiyva's grace]
 15412 | Lair:4   | Lost mutation: Armour fits poorly on your large pseudopods.
                  | [Jiyva's grace]
 15412 | Lair:4   | Lost mutation: You have hidden genetic potential. [Jiyva's
                  | grace]
 15412 | Lair:4   | Gained mutation: You have a small jelly attached to you
                  | that may absorb projectiles. [Jiyva's grace]
 15412 | Lair:4   | Gained mutation: You are covered in slimy tendrils that may
                  | disarm your opponents. [Jiyva's grace]
 15412 | Lair:4   | Gained mutation: You are covered in fur. (AC +1) [Jiyva's
                  | grace]
 15412 | Lair:4   | Gained mutation: You are covered in thick fur. (AC +2)
                  | [Jiyva's grace]
 15739 | Lair:5   | Reached XP level 15. HP: 97/97 MP: 6/15
 16121 | Shoals:1 | Entered Level 1 of the Shoals
 16132 | Shoals:1 | Noticed Kirke
 16236 | Lair:2   | Found a runed translucent door.
 16260 | Lair:2   | Found the +3 giant club "Skullcrusher" {speed, Str+7}
 16485 | Snake:1  | Entered Level 1 of the Snake Pit
 16485 | Snake:1  | Noticed Roxanne
 16515 | Snake:1  | Killed Roxanne
 16601 | Snake:1  | Noticed Asterion
 16611 | Snake:1  | Noticed a balrug
 16634 | Snake:1  | Noticed a balrug
 16649 | Lair:2   | Killed Asterion
 16696 | Snake:1  | Identified the +0 scale mail of Baajete {rElec rPois rC+
                  | Dex+3}
 16986 | Orc:1    | Entered Level 1 of the Orcish Mines
 17314 | Orc:2    | Entered Level 2 of the Orcish Mines
 17316 | Orc:2    | Found a staircase to the Elven Halls.
 17408 | Orc:2    | Found Rianoene's Armour Shop.
 17536 | Orc:2    | Found Noylunor's Assorted Antiques.
 17546 | Orc:2    | Found Atrex's Assorted Antiques.
 17547 | Orc:2    | Found Noethriaxt's Distillery.
 17576 | Orc:2    | Noticed Rupert
 17582 | Orc:2    | Paralysed by Rupert for 2 turns
 17609 | Orc:2    | Killed Rupert
 17649 | Orc:2    | Bought a scroll labelled SEKHLO BAUH for 36 gold pieces
 17649 | Orc:2    | Bought 2 orange potions for 64 gold pieces
 17649 | Orc:2    | Bought a pair of runed boots for 270 gold pieces
 17675 | Orc:2    | Bought a scroll of teleportation for 108 gold pieces
 17680 | Orc:2    | Bought a +2 pair of boots of stealth for 279 gold pieces
 17707 | Orc:2    | Bought a potion of haste for 110 gold pieces
 17707 | Orc:2    | Bought a potion of degeneration for 11 gold pieces
 17707 | Orc:2    | Bought a potion of might for 44 gold pieces
 17707 | Orc:2    | Bought a potion of berserk rage for 55 gold pieces
 17707 | Orc:2    | Bought a potion of resistance for 110 gold pieces
 17707 | Orc:2    | Bought a potion of heal wounds for 55 gold pieces
 18071 | Elf:1    | Entered Level 1 of the Elven Halls
 18071 | Elf:1    | Lost mutation: Armour fits poorly on your pseudopods.
                  | [Jiyva's grace]
 18071 | Elf:1    | Gained mutation: Your flesh is heat resistant. (rF+)
                  | [Jiyva's grace]
 18071 | Elf:1    | Gained mutation: Your flesh is very heat resistant. (rF++)
                  | [Jiyva's grace]
 18071 | Elf:1    | Gained mutation: Your flesh is almost immune to the effects
                  | of heat. (rF+++) [Jiyva's grace]
 18071 | Elf:1    | Gained mutation: You are mostly covered in iridescent
                  | scales. (AC +4) [Jiyva's grace]
 18089 | Orc:2    | Reached XP level 16. HP: 103/104 MP: 7/16
 18263 | Elf:1    | Identified the +2 great sword of Juuligeu {flame, +Blink
                  | rC+ Int+3}
 18597 | Elf:1    | Paralysed by an air elemental for 1 turns
 18601 | Elf:1    | Paralysed by an air elemental for 1 turns
 18610 | Elf:1    | Paralysed by an air elemental for 1 turns
 18617 | Elf:1    | Paralysed by an air elemental for 1 turns
 19515 | Elf:2    | Reached skill level 10 in Maces & Flails
 19780 | Elf:2    | Reached skill level 10 in Ranged Weapons
 19801 | Elf:2    | Found a runed translucent gate.
 19802 | Elf:2    | Found a runed translucent gate.
 19802 | Elf:2    | Found a runed translucent gate.
 19879 | Elf:2    | Reached XP level 17. HP: 110/110 MP: 8/17
 20004 | Elf:2    | Found the +10 dark maul {heavy}
 20005 | Elf:2    | Found Lyniy's Armour Emporium.
 20361 | Elf:2    | Noticed a deep elf blademaster
 20457 | Elf:2    | Killed a deep elf blademaster
 20792 | Elf:3    | Entered Level 3 of the Elven Halls
 20828 | Elf:3    | Found a radiant altar of Vehumet.
 20942 | Elf:3    | Found Seataxis's Assorted Antiques.
 20954 | Elf:3    | Bought a scroll labelled XOISTR LAOW for 35 gold pieces
 20995 | Elf:3    | Lost mutation: You have sharp fingernails. [Jiyva's grace]
 20995 | Elf:3    | Lost mutation: Your flesh is almost immune to the effects
                  | of heat. (rF+++) [Jiyva's grace]
 20995 | Elf:3    | Lost mutation: Your natural rate of healing is unusually
                  | fast. [Jiyva's grace]
 20995 | Elf:3    | Lost mutation: You are covered in thick fur. (AC +2)
                  | [Jiyva's grace]
 20995 | Elf:3    | Lost mutation: You are covered in slimy tendrils that may
                  | disarm your opponents. [Jiyva's grace]
 20995 | Elf:3    | Lost mutation: You passively dampen the noise of your
                  | surroundings. [Jiyva's grace]
 20995 | Elf:3    | Gained mutation: You have hidden genetic potential.
                  | [Jiyva's grace]
 20995 | Elf:3    | Gained mutation: You have great hidden genetic potential.
                  | [Jiyva's grace]
 20995 | Elf:3    | Lost mutation: You have great hidden genetic potential.
                  | [Jiyva's grace]
 20995 | Elf:3    | Lost mutation: You have hidden genetic potential. [Jiyva's
                  | grace]
 20995 | Elf:3    | Gained mutation: You are somewhat resistant to further
                  | mutation. [Jiyva's grace]
 20995 | Elf:3    | Gained mutation: You are somewhat resistant to both further
                  | mutation and mutation removal. [Jiyva's grace]
 21316 | Elf:3    | Identified the +7 rapier "Doner" {pain, Str+3 Dex+4 Stlth+}
 21323 | Elf:3    | Noticed a deep elf master archer
 21328 | Elf:3    | Killed from afar by a hellion

Illustrated notes

Levels and vault maps discovered:
D:1:      amcnicky_arrival_wind_blow, layout_loops_ring
D:2:      layout_basic, uniq_terence
D:3:      layout_basic, mainiacjoe_overflow_catwalk, okawaru_gym_becter,
          mainiacjoe_overflow_brackets,
          dreamdust_ecumenical_altar_hidden_monk_grotto, uniq_grinder
D:4:      layout_cave_pools, nicolae_overflow_hidden_temple, uniq_duvessa
D:5:      layout_basic, minmay_temple_entry_statues_fountains,
          minmay_manual_mess
D:6:      kennysheep_housing_project, layout_loops_corners,
          grunt_dithmenos_shadows
D:7:      layout_basic, nicolae_overflow_crystal_walls, serial_curves,
          eino_curves_03, eino_curves_01, uniq_pikel
D:8:      layout_rooms, lair_entry_dummy, uniq_gastronok, uniq_erica, uniq_grum
D:9:      layout_roguey, lemuel_tele_altar, uniq_harold
D:10:     layout_loops_ring, erik_orc_4, uniq_lodul, uniq_psyche, uniq_erolcha
D:11:     layout_layer_cave, serial_shops, nicolae_shop_bloodbath_and_beyond,
          minmay_nine_imps
D:12:     layout_gridville, serial_shops, nicolae_shop_peninsula
D:13:     layout_long_grid, drop_trap
Lair:1:   layout_gridlike, uniq_urug
Lair:2:   gammafunk_lair_enchanted_lake, layout_long_grid,
          elwin_shoals_entry_rocks, dummy_snake_entry, gammafunk_ghost_hive
Lair:3:   layout_hall_layers, bobbens_dragon_lair_wall,
          infiniplex_staircase_pool_2, serial_bayou_shore_a, uniq_nessos,
          uniq_amaemon
Lair:4:   layout_gridlike, grunt_megastairs_2
Lair:5:   hangedman_lair_caniforms_friends, layout_gridlike, slime_entry_2,
          special_room [special_room_bee], hellmonk_guarded_unrand_zhor
Shoals:1: cheibrodos_shoals_oceanic_diplomacy, layout_shoals, uniq_frances,
          uniq_kirke, uniq_nikola
Snake:1:  layout_concentric_octagons, drop_trap, guppyfry_snake_island,
          uniq_roxanne, uniq_asterion
Slime:1:  layout_caves
Slime:2:  layout_caves
Slime:3:  layout_caves, basic_altar, cheibrodos_slime_lost_civilization_4
Slime:4:  layout_caves
Slime:5:  slime_pit_nicolae_amoeboid
Orc:1:    layout_caves
Orc:2:    st_orc_open, layout_caves, nicolae_orc_crystal_geode, uniq_rupert
Elf:1:    eino_elf_arrival_shootout, layout_loops_cross,
          infiniplex_enter_wizlab_water, minivault_28,
          minmay_the_grid_square_5x5_3x3_mashed
          [minmay_the_grid_square_5x5_plus, minmay_the_grid_square_5x5_z,
          minmay_the_grid_square_5x5_broken_cross,
          minmay_the_grid_square_5x5_pentomino_r,
          minmay_the_grid_square_5x5_megaprize_diamond,
          minmay_the_grid_square_5x5_two_walls_b,
          minmay_the_grid_square_5x5_almost_minimal,
          minmay_the_grid_square_5x5_two_walls_a,
          minmay_the_grid_square_5x5_bridge]
Elf:2:    nicolae_elf_blades_crystal_corner, layout_gridlike, serial_shops,
          shop, drop_trap
Elf:3:    minmay_elf_hall_spiked, layout_loops_cross, serial_shops, shop,
          basic_altar

Skill      XL: |  1  2  3  4  5  6  7  8  9 10 11 12 13 14 15 16 17 |
---------------+----------------------------------------------------+-----
Axes           | 2 3 4 5 6 7 8 9 |  9.1
Shields        | 4 5 6 8 9 10 11 12 13 14 | 14.1
Armour         | 4 5 6 8 9 10 11 12 13 14 | 14.3
Fighting       | 4 5 6 8 9 10 11 12 13 14 | 14.4
Stealth        | 3 5 7 8 9 10 11 12 13 | 13.2
Dodging        | 2 3 5 6 7 8 9 |  9.5
Evocations     | 3 4 5 7 8 |  8.6
Polearms       | 2 |  2.6
Maces & Flails | 2 5 8 10 | 10.2
Ranged Weapons | 1 5 8 10 11 | 11.4

Action                     |  1- 3 |  4- 6 |  7- 9 | 10-12 | 13-15 | 16-18 || total
---------------------------+-------+-------+-------+-------+-------+-------++-------
  Melee: War axe           |    99 |    79 |       |       |       |       ||   178
         Spear             |       |    43 |   341 |   684 |   406 |       ||  1474
         Headbutt          |       |       |     4 |   154 |   205 |       ||   363
         Unarmed           |       |       |     1 |       |       |       ||     1
         Pseudopods        |       |       |       |    62 |   368 |       ||   430
         Demon whip        |       |       |       |       |   973 |   281 ||  1254
         Hand axe          |       |       |       |       |       |   457 ||   457
  Throw: Boomerang         |       |       |     3 |     3 |    16 |     2 ||    24
         Dart              |       |       |       |    19 |       |       ||    19
         Javelin           |       |       |       |       |     2 |       ||     2
  Evoke: Wand              |       |       |       |       |     1 |       ||     1
    Use: Scroll            |       |       |       |       |    18 |     5 ||    23
         Potion            |       |       |       |       |     1 |       ||     1
   Stab: Sleeping          |       |       |     7 |     7 |    27 |     7 ||    48
         Distracted        |       |       |       |     4 |     4 |     4 ||    12
         Paralysed         |       |       |       |       |     4 |       ||     4
 Armour: Scale mail        |    71 |    73 |    20 |       |       |       ||   164
         Leather armour    |       |       |   153 |   292 |   588 |   474 ||  1507
         Skin              |       |       |     1 |       |       |       ||     1
  Dodge: Dodged            |    56 |    34 |   123 |   203 |   541 |   228 ||  1185
  Block: Buckler           |    22 |    24 |    52 |       |       |       ||    98
         Kite shield       |       |       |    61 |   389 |   940 |   373 ||  1763
